 Seeded DCSS version 0.24-a0-181-gd121a6d (webtiles) character file.

Game seed: 2229867842534461941

17 Minorbread the Skirmisher (level 2, -4/26 HPs)
             Began as a Ghoul Abyssal Knight on Mar 14, 2019.
             Was a Follower of Lugonu.
             Slain by a gnoll
             ... wielding a +0 whip
              (6 damage)
             ... on level 1 of the Dungeon.
             The game lasted 00:01:27 (447 turns).

Minorbread the Skirmisher (Ghoul Abyssal Knight)     Turns: 447, Time: 00:01:27

Health: -4/26      AC:  3    Str: 15    XL:     2   Next: 62%
Magic:  2/2        EV: 11    Int:  7    God:    Lugonu [*.....]
Gold:   63         SH:  0    Dex:  8    Spells: 1/1 levels left

rFire    . . .     SeeInvis .   a - +1 short sword
rCold    + . .     Gourm    .   (no shield)
rNeg     + + +     Faith    .   b - +0 leather armour
rPois    ∞         Spirit   .   (no helmet)
rElec    .         Reflect  .   (no cloak)
rCorr    .         Harm     .   (no gloves)
MR       .....                  (no boots)
Stlth    +.........             (no amulet)
HPRegen  0.00/turn              (no ring)
MPRegen  0.08/turn              (no ring)

@: rotting
A: rotting body, claws 1, carnivore, cold resistance 1, negative energy
resistance 3, inhibited regeneration, torment resistance, unbreathing
a: Depart the Abyss, Renounce Religion


You were on level 1 of the Dungeon.
You worshipped Lugonu.
Lugonu was aware of your devotion.
You were not hungry.

You visited 1 branch of the dungeon, and saw 1 of its levels.
You visited the Abyss 1 time.

You collected 63 gold pieces.

Inventory:

Hand Weapons
 a - a +1 short sword (weapon)
Armour
 b - a +0 leather armour (worn)
 h - a +0 scale mail
Scrolls
 d - a scroll of blinking {unknown}
 e - a scroll of enchant weapon {unknown}
 f - a scroll of identify {unknown}
Potions
 g - a potion of curing {unknown}
Comestibles
 c - 4 rations


   Skills:
 + Level 3.6 Fighting
 * Level 2.1 Short Blades
 - Level 2.0 Armour
 - Level 0.8 Dodging
 + Level 0.0 Stealth
 - Level 2.2 Invocations


You had one spell level left.
You didn't know any spells.
Your spell library was empty.

Dungeon Overview and Level Annotations

Branches:
Dungeon (1/15)

Altars:


Innate Abilities, Weirdness & Mutations

Your body is rotting away.
You thrive on raw meat.
You are immune to poison.
You have sharp fingernails.
You are carnivorous and can eat meat at any time.
Your flesh is cold resistant. (rC+)
You are immune to negative energy. (rN+++)
You do not regenerate when monsters are visible.
You are immune to unholy pain and torment.
You can survive without breathing.


Message History

You now have 53 gold pieces (gained 10).
c - 3 rations (gained 1)
You now have 63 gold pieces (gained 10).
c - 4 rations (gained 1)
A gnoll comes into view. It is wielding a +0 whip.
Found an iron ring and a robe.
A gnoll is nearby!
An ooze comes into view.
The gnoll hits you with a +0 whip!
The ooze moves out of view.
You are too injured to fight recklessly!
You are too injured to fight recklessly!
You are too injured to fight recklessly!
You are too injured to fight recklessly!
You hit the gnoll but do no damage. The gnoll hits you with a +0 whip!
* * * LOW HITPOINT WARNING * * *
Unknown command.
You hit the gnoll.
The gnoll is lightly wounded.
The gnoll hits you with a +0 whip.
You die...

#######.########
#............##.
#.##............
####.##............
#.......##.#.......
#.##.##.##.#....... #.
#.##.##.........
######.##.##.####.....#.
.....J=@..........#.#...
.#...#g##..#.####.#...#.
#. ... #.......#.#.....
..[## §§≈≈≈≈........≈≈
##.# §§≈≈§§≈...)..≈≈≈ #.
≈≈≈§§......≈≈≈ .
≈§≈≈≈......≈≈≈ #
≈≈≈≈..##'#..≈≈
..§.###.##...


You could see a gnoll and an ooze.

Vanquished Creatures
  A dart slug (D:1)
  4 bats (D:1)
  2 giant cockroaches (D:1)
  A hobgoblin (D:1)
  4 goblins (D:1)
  A kobold (D:1)
  2 rats (D:1)
15 creatures vanquished.

Notes
Turn   | Place    | Note
-------+----------+-------------------------------------------
     0 | Abyss:1  | Minorbread the Ghoul Abyssal Knight began the quest for the
                  | Orb.
     0 | Abyss:1  | Reached XP level 1. HP: 19/19 MP: 1/1
    64 | Abyss:1  | Noticed a large abomination
    72 | Abyss:1  | Noticed a large abomination
    78 | Abyss:1  | Noticed a chaos spawn
    88 | Abyss:1  | Noticed an ophan
    88 | Abyss:1  | Noticed an ancient zyme
    89 | D:1      | Escaped the Abyss
   166 | D:1      | Reached * piety under Lugonu
   166 | D:1      | Reached XP level 2. HP: 19/25 MP: 2/2
   447 | D:1      | Slain by a gnoll

Levels and vault maps discovered:
D:1:      dpeg_arrival_pits, layout_loops_ring, minmay_indecisive_spiral
Abyss:1:  guppyfry_abyss_exit_glass_guarded

Skill      XL: |  1  2 |
---------------+-------+-----
Armour         | 2 |  2.0
Short Blades   | 2 |  2.1
Fighting       | |  3.6
Dodging        | |  0.8
Invocations    | |  2.2

Action                   || total
-------------------------++-------
Melee: Short sword       ||    55
Invok: Depart the Abyss  ||     1
  Eat: Chunk             ||     1
Armor: Leather armour    ||    28
Dodge: Dodged            ||    47

Table legend:
 A = Non-vault XP
 B = Vault XP
 C = Vault XP percentage of total XP
 D = Non-vault monster count
 E = Vault monster count
 F = Vault count percentage of total count
                 A         B        C        D         E       F
            +---------+---------+-------+---------+---------+-------
      Total |      20 |       5 |  20.0 |      11 |       4 |  26.7
            +---------+---------+-------+---------+---------+-------
        D:1 |      20 |       5 |  20.0 |      11 |       4 |  26.7
            +---------+---------+-------+---------+---------+-------
